 Dungeon Crawl Stone Soup version 0.26.1-11-gd32895ea62 (webtiles) character file.

Game seed: 9758448625385310610

331 Zeld the Chopper (level 6, 0/56 HPs)
             Began as a Hill Orc Monk on June 12, 2021.
             Was a Believer of Beogh.
             Succumbed to a scorpion's poison
             ... on level 4 of the Dungeon.
             The game lasted 00:05:31 (4998 turns).

Zeld the Chopper (Hill Orc Monk)                    Turns: 4998, Time: 00:05:31

Health: 0/56       AC: 12    Str: 16    XL:     6   Next: 51%
Magic:  0/6        EV:  5    Int: 10    God:    Beogh [**....]
Gold:   168        SH:  0    Dex: 13    Spells: 5/5 levels left

rFire    + . .     SeeInvis .   a - +0 hand axe
rCold    + . .     Faith    .   (no shield)
rNeg     . . .     Spirit   .   j - +0 plate armour
rPois    +         Reflect  .   (no helmet)
rElec    +         Harm     .   b - +0 cloak
rCorr    +         Rampage  .   (no gloves)
Will     .....                  w - +0 pair of boots
Stlth    ..........             (no amulet)
HPRegen  0.18/turn              (no ring)
MPRegen  0.10/turn              (no ring)

@: lethally poisoned (0 -> -2), resistant, very slightly contaminated, invisible
A: no striking features
a: Renounce Religion, Smiting


You were on level 4 of the Dungeon.
You worshipped Beogh.
Beogh was pleased with you.
You visited 1 branch of the dungeon, and saw 4 of its levels.

You collected 168 gold pieces.

Inventory:

Hand Weapons
 a - a +0 hand axe (weapon)
Missiles
 t - 7 boomerangs (quivered)
Armour
 b - a +0 cloak (worn)
 j - a +0 plate armour (worn)
 w - a +0 pair of boots (worn)
Jewellery
 q - an uncursed ring of resist corrosion {unknown}
 x - an uncursed ring of positive energy {unknown}
Scrolls
 d - 4 scrolls of identify {unknown}
 e - a scroll of blinking {unknown}
 h - 2 scrolls of teleportation {unknown}
 k - a scroll of remove curse {unknown}
 l - a scroll of immolation {unknown}
 r - a scroll of enchant armour {unknown}
 s - 3 scrolls of magic mapping {unknown}
 u - 2 scrolls of noise {unknown}
 v - a scroll of fear {unknown}
Potions
 c - 3 potions of resistance
 f - a potion of degeneration {unknown}
 g - a potion of ambrosia {unknown}
 i - a potion of invisibility
 m - a potion of brilliance {unknown}
 n - a potion of lignification {unknown}
 o - a potion of might {unknown}
 p - a potion of magic {unknown}


   Skills:
 + Level 5.3 Fighting
 * Level 7.1 Axes
 + Level 3.6 Dodging
 - Level 1.5 Stealth


You had 5 spell levels left.
You didn't know any spells.
Your spell library contained the following spells:

 Spells                   Type           Power        Failure   Level
 Animate Skeleton         Necr           0%           100%        1
 Apportation              Tloc           0%           100%        1
 Corona                   Hex            0%           100%        1
 Summon Small Mammal      Summ           0%           100%        1


Dungeon Overview and Level Annotations

Branches:
Dungeon (4/15)
 Temple: D:4-7

Altars:
Fedhas
Gozag
Hepliaklqana
Nemelex Xobeh
Qazlal
Uskayaw

Annotations:
D:4 Grinder


Message History

Unknown command.
Aiming: Smiting
Press: ? - help, Dir - move target, f - hound Smite: a hound (heavily wounded)
You smite the hound!
You kill the hound!
Beogh accepts your kill.
Unknown command.
Unknown command.
Aiming: Smiting
Press: ? - help, Dir - move target, f - gnoll shaman Smite: a gnoll shaman, wielding a +0 whip and wearing a +0 leather armour You smite the gnoll shaman!
The gnoll shaman is heavily wounded.
The gnoll shaman hits you but does no damage.
Unknown command.
Unknown command.
You don't have enough magic at the moment.
Unknown command.
You die...

..B........##........#
##.#.......##........###
#......................
####...................
##........S.g.......
#......g..gs.......
#.......g##g#.....
#........##.# ...
#.....g..##@# .
#......?.##.#
#...>....##.#
#.....S..##.#
........##.# #.# #.# ...


You could see a gnoll shaman, a scorpion and 2 gnolls.

Vanquished Creatures
  Edmund (D:4)
  An orc priest (D:3)
  An orc wizard (D:4)
  A hound (D:4)
  A worker ant (D:3)
  7 adders
  An ooze (D:3)
  4 dart slugs
  2 leopard geckos (D:3)
  9 orcs
  10 bats
  6 giant cockroaches
  6 goblins
  5 hobgoblins
  A quokka (D:3)
  4 frilled lizards
  2 kobolds (D:2)
  5 rats
67 creatures vanquished.

Vanquished Creatures (others)
  A bat (D:3)
  5 fungi (D:4)
  3 plants (D:4)
9 creatures vanquished.

Grand Total: 76 creatures vanquished

Notes
Turn   | Place    | Note
-------+----------+-------------------------------------------
     0 | D:1      | Zeld the Hill Orc Monk began the quest for the Orb.
     0 | D:1      | Reached XP level 1. HP: 19/19 MP: 1/1
   541 | D:1      | Reached XP level 2. HP: 27/27 MP: 2/2
  1017 | D:2      | Reached XP level 3. HP: 10/33 MP: 3/3
  1831 | D:3      | Reached skill level 5 in Axes
  2224 | D:3      | Reached XP level 4. HP: 40/40 MP: 4/4
  2514 | D:3      | Found a stormy altar of Qazlal.
  2514 | D:3      | Found a hide-covered altar of Uskayaw.
  2521 | D:3      | Found a sparkling altar of Nemelex Xobeh.
  2524 | D:3      | Found a faded altar of an unknown god.
  2525 | D:3      | Found an opulent altar of Gozag.
  2779 | D:4      | Found a blossoming altar of Fedhas.
  2781 | D:4      | Noticed an ogre
  3549 | D:4      | Noticed Edmund
  3593 | D:4      | Killed Edmund
  3594 | D:4      | Reached skill level 5 in Fighting
  3594 | D:4      | Reached skill level 6 in Axes
  3594 | D:4      | Reached XP level 5. HP: 38/48 MP: 5/5
  3594 | D:4      | Reached XP level 6. HP: 45/56 MP: 6/6
  3690 | D:4      | Noticed Grinder
  3884 | D:3      | Became a worshipper of Beogh the Brigand
  3884 | D:3      | Reached * piety under Beogh
  3884 | D:3      | Reached ** piety under Beogh
  4406 | D:2      | Reached skill level 7 in Axes
  4551 | D:2      | Found a hazy altar of Hepliaklqana.
  4992 | D:4      | HP: 2/56 [poisoned by a scorpion]
  4998 | D:4      | Succumbed to a scorpion's poison

Illustrated notes

Levels and vault maps discovered:
D:1:      wander_arrival_estate, layout_basic, supply_closet_lemuel,
          chequers_serial_rivers_micro_a, minmay_octomino_j4
D:2:      layout_basic, nzn_hepliaklqana_mist_gate, grunt_ministairs_15,
          dk_noncrumbling_3
D:3:      layout_loops_corners, chequers_temple_overflow_minitemple
D:4:      layout_basic, grunt_temple_overflow_open, fedhas_altar_3,
          uniq_grinder, uniq_edmund, uniq_ijyb

Skill      XL: |  1  2  3  4  5  6 |
---------------+-------------------+-----
Fighting       | 4 5 |  5.3
Axes           | 5 6 7 |  7.1
Dodging        | 3 |  3.6
Stealth        | |  1.5

Action                   |  1- 3 |  4- 6 || total
-------------------------+-------+-------++-------
Melee: Hand axe          |    98 |   253 ||   351
Invok: Smiting           |       |     2 ||     2
       Convert to Beogh  |       |     1 ||     1
  Use: Potion            |       |     2 ||     2
 Stab: Sleeping          |     2 |       ||     2
       Distracted        |       |     1 ||     1
Armor: Robe              |     5 |       ||     5
       Plate armour      |    40 |   210 ||   250
Dodge: Dodged            |    47 |    87 ||   134
